 Dungeon Crawl Stone Soup version 0.32-a0-612-g1c984fe9d1 (webtiles) character file.

Game seed: 13748296485258090289

14319 ezpacito the Cleaver (level 12, -1/94 HPs)
             Began as a Coglin Chaos Knight on Mar 5, 2024.
             Was a Plaything of Xom.
             Killed from afar by an ice dragon (23 damage)
             ... with a blast of cold
             ... on level 11 of the Dungeon.
             The game lasted 00:21:28 (13444 turns).

ezpacito the Cleaver (Coglin Chaos Knight)         Turns: 13444, Time: 00:21:29

Health: -1/94      AC: 20    Str: 16    XL:     12   Next: 15%
Magic:  0/18       EV: 15    Int: 10    God:    Xom [......]
Gold:   165        SH:  0    Dex: 21    Spells: 2/19 levels left

rFire   + . .        m - +1 war axe (spect) {Sebastián}
rCold   + . .        a - +0 hand axe (chaos) {Lufti}
rNeg    . . .        f - +2 ring mail {rC+}
rPois   .            (helmet restricted)
rElec   .            s - +2 cloak
rCorr   .            l - +2 pair of gloves {infuse}
SInv    .            D - +2 pair of boots
Will    .....        (amulet unavailable)
Stlth   ++           (ring unavailable)
HPRegen 0.35/turn    (ring unavailable)
MPRegen 0.16/turn    (no gizmo)

%: no passive effects
@: cleaving, revving
A: off-hand wielding, slow wielding, warmup strikes, no jewellery, beak,
iridescent scales 1, agile 2, fire resistance 1, sense surroundings 1, evolution
1, inability to drink after injury 1, MP-powered wands
a: Invent Gizmo, Renounce Religion


You were on level 11 of the Dungeon.
You worshipped Xom.
You were a very special plaything of Xom.
You visited 2 branches of the dungeon, and saw 12 of its levels.
You also visited: Sewer.

You collected 696 gold pieces.
You spent 531 gold pieces at shops.

Inventory:

Hand Weapons
 a - a +0 hand axe of chaos (offhand) {Lufti}
 b - a +3 hand axe of freezing
 d - the +7 trident "Hydraslayer" {pain, rPois Str-5 Int+3}
   (You found it on level 3 of the Dungeon)

   Str-5:     It affects your strength (-5).
   Int+3:     It affects your intelligence (+3).
   rPois:     It protects you from poison.
 m - a +1 spectral war axe (weapon) {Sebastián}
 n - a +1 war axe of electrocution
 r - a +5 spear
Missiles
 h - a throwing net
 j - 4 curare-tipped darts
 w - 48 poisoned darts
 A - 7 boomerangs
Armour
 f - a +2 ring mail of cold resistance (worn)
 k - a +0 helmet
 l - a +2 pair of gloves of infusion (worn)
 s - a +2 cloak (worn)
 D - a +2 pair of boots (worn)
Magical Staves
 o - a staff of earth
 E - a staff of fire
Wands
 v - a wand of flame (20)
 y - a wand of paralysis (24)
 G - a wand of roots (2)
Scrolls
 i - 2 scrolls of identify
 p - 6 scrolls of fog
 t - 7 scrolls of teleportation
 x - a scroll of amnesia
 B - a scroll of blinking
 C - a scroll of revelation
 F - a scroll of immolation
 I - a scroll of vulnerability
Potions
 e - 2 potions of lignification
 g - a potion of enlightenment
 q - 4 potions of curing
 u - 2 potions of mutation
 z - 2 potions of attraction


   Skills:
 * Level 8.4 Fighting
 * Level 8.5(9.2) Axes
 + Level 4.9(7.0) Polearms
 * Level 7.4 Armour
 * Level 7.2 Dodging
 + Level 4.4 Stealth
 + Level 4.1 Spellcasting
 + Level 5.2 Alchemy
 + Level 6.2 Evocations


You had 2 spell levels left.
You knew the following spells:

 Your Spells              Type           Power      Damage    Failure   Level
a - Leda's Liquefaction   Alch/Erth      3%         N/A       83%         4
b - Inner Flame           Hex/Fire       2%         N/A       78%         3
c - Petrify               Alch/Erth      7%         N/A       83%         4
d - Fugue of the Fallen   Necr           2%         N/A       78%         3
A - Ozocubu's Armour      Ice            2%         N/A       78%         3

Your spell library contained the following spells:

 Spells                   Type           Power      Damage    Failure   Level
 Frozen Ramparts          Ice            4%         1d1       78%         3
 Sticky Flame             Fire/Alch      7%         2d4       83%         4
 Flame Wave               Conj/Fire      2%         2d4       99%         4
 Manifold Assault         Tloc           2%         N/A       99%         4
 Metabolic Englaciation   Hex/Ice        1%         N/A       100%        5


Dungeon Overview and Level Annotations

Branches:
Dungeon (11/15)            Temple (1/1) D:6            Lair (0/5) D:11
    Orc (0/2) D:11          Sewer (visited)

Altars:
Ashenzari
Cheibriados
Dithmenos
Elyvilon
Fedhas
Gozag
Hepliaklqana
Kikubaaqudgha
Makhleb
Nemelex Xobeh
Okawaru
Qazlal
Ru
Sif Muna
Trog
Uskayaw
Vehumet
Wu Jian
Xom
Yredelemnul
Zin
The Shining One

Shops:
D:2 :(![   D:8 (

Annotations:
D:8 2 transporters, GiantSquids's ghost, novice CoHu
D:11 exclusion: ice statue


Innate Abilities, Weirdness & Mutations

You can wield a second weapon in your off-hand.
It takes a long time for you to wield or remove held weapons.
Your first few attacks do less damage.
You cannot equip rings or amulets.
You have a beak for a mouth.
You are partially covered in iridescent scales. (AC +2)
You are very agile. (Dex +8, Str/Int -2)
Your flesh is heat resistant. (rF+)
You passively map a small area around you.
You have hidden genetic potential.
You occasionally lose the ability to drink potions when taking damage.
You expend magic power (3 MP) to strengthen your wands.


Message History

Your butterfly dies!
Your butterfly disappears in a burst of colours!
You take 9 damage, and have 33/94 hp.
You now have 0/18 mp.
You hit the ice dragon but do no damage.
The ice dragon is moderately wounded.
You hit the ice dragon but do no damage.
Your +1 spectral war axe {Sebastián} hits the ice dragon.
Your butterfly is engulfed in poison gas.
Your butterfly is poisoned.
You kill your butterfly!
Your butterfly disappears in a burst of colours!
Your butterfly is engulfed in poison gas.
Your butterfly is poisoned.
You kill your butterfly!
Your butterfly disappears in a burst of colours!
You hit the ice dragon but do no damage.
You peck the ice dragon, but do no damage.
The ice dragon is moderately wounded.
You hit the ice dragon but do no damage.
The ice dragon seems to speed up.
Xom thinks this is hilarious!
Your +1 spectral war axe {Sebastián} hits the ice dragon but does no damage.
Your +1 spectral war axe {Sebastián} hits the ice beast.
The ice dragon bites you.
The ice dragon claws you but does no damage.
The ice dragon tramples you!
* * * LOW HITPOINT WARNING * * *
You stumble backwards!
The ice beast barely misses your +1 spectral war axe {Sebastián}.
The ice dragon bites you.
* * * LOW HITPOINT WARNING * * *
The ice dragon closely misses you. The ice dragon misses you.
You take 11 damage, and have 22/94 hp.
Blink to where?
Press: ? - help, Dir - move target, p - ice statue
As you read the scroll of blinking, it crumbles to dust.
The ice dragon breathes frost at you. The blast of cold hits you!! You resist.
You die...
Xom snickers! ≈≈~~~~~~............~~~~~~≈≈≈≈≈≈≈ ~~~......##########.....[~~~≈≈≈≈≈ ~...######§§§§§§§§######...~~≈≈≈~ ..### ,.§§§☼§§§☼§§§Y☼§###..~≈≈≈~ ..# D,I

.☼§☼☼§§§§YY§§I§.>#..~~~~~ ..###
, .§§§§.§§§(.§☼☼☼###..~≈≈≈
~...######§§§☼DD.☼######...~~≈≈≈
~~~......###§§§§###......~~~≈≈≈≈
≈≈~~~~~~.☼§☼§§§§@...~~~~~~≈≈≈≈≈≈
≈≈≈≈≈≈≈~~§§§☼§§§~~~~~≈≈≈≈≈≈≈≈≈≈≈
≈≈≈≈≈≈≈≈≈§§§§§§§≈≈≈≈≈≈≈≈≈≈≈≈≈≈≈≈
################################


You could see 2 ice dragons.

Vanquished Creatures
  2 two-headed ogres
  An ugly thing (D:11)
  An ice statue (D:11)
  Joseph (D:9)
  An unseen horror (D:10)
  A rime drake (D:11)
  A kobold demonologist (D:10)
  2 trolls
  A polar bear (D:11)
  A blink frog (D:11)
  A wyvern (D:8)
  A shadow (D:10)
  2 wraiths (D:11)
  15 yaks
  3 vampire mosquitoes (D:10)
  A water moccasin (D:9)
  5 orc warriors
  15 ice beasts (D:11)
  A sky beast (D:7)
  A black bear (D:6)
  An ogre (D:6)
  2 wolves (D:11)
  8 centaurs
  10 kobold brigands
  2 brain worms (Sewer)
  3 bullfrogs
  A gnoll sergeant (D:7)
  2 scorpions
  14 wights
  7 killer bees
  3 electric eels (D:8)
  13 howler monkeys
  A bombardier beetle (D:6)
  3 jellies
  An orc priest (D:5)
  Crazy Yiuf (D:2)
  2 gnoll boudas
  3 hounds
  3 sleepcaps
  Jessica (D:3)
  3 iguanas
  Ijyb (D:3)
  10 orc wizards
  Robin (D:2)
  15 gnolls
  16 adders
  2 shadow imps
  3 white imps
  3 dart slugs
  5 ribbon worms
  38 orcs
  17 ball pythons
  8 endoplasms
  8 giant cockroaches
  21 goblins
  11 hobgoblins
  12 jackals
  8 quokkas
  4 bats
  16 frilled lizards
  32 kobolds
  13 rats
385 creatures vanquished.

Vanquished Creatures (collateral kills)
  A wyvern (D:8)
  An orc wizard (D:11)
  An orc (D:11)
  A bat (D:1)
4 creatures vanquished.

Vanquished Creatures (others)
  An orc priest (D:10)
  A goblin zombie (D:1)
  2 rat zombies (D:1)
  A spectral weapon (D:10)
5 creatures vanquished.

Grand Total: 394 creatures vanquished

Notes
Turn   | Place    | Note
-------+----------+-------------------------------------------
     0 | D:1      | ezpacito the Coglin Chaos Knight began the quest for the
                  | Orb.
     0 | D:1      | Reached XP level 1. HP: 18/18 MP: 1/1
    24 | D:1      | XOM: silly message
    28 | D:1      | Reached skill level 1 in Dodging
   181 | D:1      | Reached XP level 2. HP: 24/24 MP: 2/2
   216 | D:1      | XOM: 2-stop teleportation journey
   458 | D:1      | XOM: divination: detect creatures
   471 | D:1      | XOM: enchant monster (good)
   475 | D:1      | Reached XP level 3. HP: 29/29 MP: 3/3
   518 | D:1      | XOM: summons 2 hostile demons
   580 | D:1      | XOM: god gift: 36 gold pieces
   986 | D:2      | XOM: swap monsters
   992 | D:2      | Reached skill level 1 in Polearms
  1031 | D:2      | Found Atodwik's Distillery.
  1032 | D:2      | Found Ehairiaq's Armour Shoppe.
  1037 | D:2      | Bought a potion of curing for 42 gold pieces
  1037 | D:2      | Bought a potion of degeneration for 14 gold pieces
  1037 | D:2      | Bought a potion of lignification for 42 gold pieces
  1087 | D:2      | Identified the +0 robe "Onoro" {rElec rC- rCorr}
  1180 | D:2      | Noticed Robin
  1187 | D:2      | Reached XP level 4. HP: 25/35 MP: 5/5
  1194 | D:2      | Killed Robin
  1205 | D:2      | Found Wunn's Book Shoppe.
  1205 | D:2      | Found a faded altar of an unknown god.
  1205 | D:2      | XOM: 5-stop teleportation journey
  1324 | D:2      | Learned a level 4 spell: Petrify
  1362 | D:2      | Found Qiahyuca's Weapon Emporium.
  1391 | D:2      | XOM: divination: magic mapping
  1512 | D:2      | Reached XP level 5. HP: 38/41 MP: 6/6
  1680 | D:2      | XOM: god gift: 39 gold pieces
  1763 | D:2      | Found a runed translucent door.
  1764 | D:2      | Noticed Crazy Yiuf
  1769 | D:2      | Killed Crazy Yiuf
  1770 | D:2      | Reached skill level 1 in Spellcasting
  1907 | D:3      | Found a shimmering altar of Xom.
  2015 | D:3      | Identified the +7 trident "Hydraslayer" {pain, rPois Str-5
                  | Int+3}
  2093 | D:3      | Found a basalt altar of Yredelemnul.
  2093 | D:3      | Found a bloodstained altar of Trog.
  2176 | D:3      | Found a glowing drain.
  2188 | Sewer    | Entered a sewer
  2191 | Sewer    | Noticed a kobold brigand
  2196 | Sewer    | XOM: confuse monster(s)
  2204 | Sewer    | Killed a kobold brigand
  2205 | Sewer    | Reached skill level 1 in Stealth
  2205 | Sewer    | Reached XP level 6. HP: 44/48 MP: 7/7
  2218 | Sewer    | Reached skill level 1 in Evocations
  2274 | Sewer    | Reached skill level 1 in Alchemy
  2421 | Sewer    | Reached XP level 7. HP: 53/54 MP: 9/9
  2994 | D:3      | Noticed Ijyb
  3004 | D:3      | Killed Ijyb
  3138 | D:3      | Noticed Jessica
  3151 | D:3      | Killed Jessica
  3253 | D:3      | XOM: silly message
  3688 | D:3      | XOM: god gift: scroll of amnesia
  3845 | D:2      | Bought a potion of mutation for 112 gold pieces
  3845 | D:2      | Bought a potion of attraction for 42 gold pieces
  3941 | D:4      | Reached XP level 8. HP: 61/61 MP: 10/10
  4107 | D:4      | You fall into a shaft and drop 1 floor!
  4107 | D:5      | Entered Level 5 of the Dungeon
  4208 | D:5      | Reached skill level 5 in Axes
  4262 | D:5      | XOM: divination: detect creatures
  4324 | D:5      | XOM: summons 1 hostile shadow creature
  4721 | D:5      | Reached skill level 5 in Fighting
  5252 | D:4      | XOM: silly message
  5348 | D:4      | Learned a level 4 spell: Leda's Liquefaction
  5352 | D:4      | Learned a level 3 spell: Inner Flame
  5546 | D:6      | Reached XP level 9. HP: 39/68 MP: 12/12
  5547 | D:6      | XOM: 4-stop teleportation journey
  5550 | D:6      | Found a staircase to the Ecumenical Temple.
  5552 | D:6      | XOM: noise
  5564 | D:6      | XOM: noise
  5566 | D:6      | XOM: cast spell 'Discord'
  5751 | Temple   | Entered the Ecumenical Temple
  6157 | D:6      | Found a snail-covered altar of Cheibriados.
  6158 | D:6      | Found an iron altar of Okawaru.
  6160 | D:6      | Found a shimmering blue altar of Sif Muna.
  6161 | D:6      | Found a sacrificial altar of Ru.
  6316 | D:6      | XOM: silly message
  6404 | D:6      | Found an ornate altar of the Wu Jian Council.
  6766 | D:7      | Found a sparkling altar of Nemelex Xobeh.
  6800 | D:7      | Reached skill level 5 in Armour
  7205 | D:7      | XOM: give mutation
  7205 | D:7      | Gained mutation: You occasionally lose the ability to drink
                  | potions when taking damage. [Xom's mischief]
  7271 | D:7      | XOM: cloud trail
  7458 | D:8      | Reached skill level 5 in Dodging
  7462 | D:8      | Found Qozefebb's Weapon Boutique.
  7585 | D:8      | Found a broken altar of Ashenzari.
  7585 | D:8      | XOM: 5-stop teleportation journey
  7590 | D:8      | Noticed a two-headed ogre
  7600 | D:8      | Killed a two-headed ogre
  7601 | D:8      | Reached XP level 10. HP: 33/77 MP: 14/14
  7835 | D:8      | XOM: god gift: book of Battle
  7895 | D:8      | XOM: fog
  7961 | D:8      | XOM: stat loss: -1 Str (16/17)
  8296 | D:8      | XOM: give mutations
  8296 | D:8      | Gained mutation: You are agile. (Dex +4, Str/Int -1) [Xom's
                  | grace]
  8296 | D:8      | Gained mutation: You expend magic power (3 MP) to
                  | strengthen your wands. [Xom's grace]
  8417 | D:8      | XOM: scenery: summon butterflies
  8476 | D:8      | XOM: summons 10 friendly demons
  8690 | D:8      | Found a transporter.
  8691 | D:8      | Noticed GiantSquids's ghost (novice CoHu)
  8735 | D:8      | Identified the +2 dire flail of the Riding Vulture {holy,
                  | rPois Dex+6}
  8743 | D:8      | Found a transporter.
  9233 | D:8      | XOM: give mutation
  9233 | D:8      | Gained mutation: Your flesh is heat resistant. (rF+) [Xom's
                  | grace]
  9337 | D:9      | Noticed Joseph
  9348 | D:9      | XOM: cleaving
  9351 | D:9      | Killed Joseph
  9749 | D:5      | XOM: cloud trail
  9750 | D:5      | XOM: give mutations
  9750 | D:5      | Gained mutation: You have a beak for a mouth. [Xom's
                  | mischief]
  9750 | D:5      | Gained mutation: You are partially covered in iridescent
                  | scales. (AC +2) [Xom's mischief]
  9846 | D:2      | Bought a +2 pair of gloves of infusion for 279 gold pieces
 10061 | D:9      | Found a shadowy altar of Dithmenos.
 10186 | D:9      | XOM: divination: detect items
 10189 | D:9      | Reached skill level 5 in Evocations
 10294 | D:9      | Noticed a +0 dagger
 10295 | D:9      | Noticed a +0 dagger
 10298 | D:9      | Found a hide-covered altar of Uskayaw.
 10613 | D:10     | Entered Level 10 of the Dungeon
 10616 | D:10     | Reached XP level 11. HP: 84/84 MP: 10/16
 10761 | D:10     | XOM: enchant monster (good)
 10953 | D:10     | XOM: chaos upgrade
 11021 | D:10     | XOM: god gift: ring mail {god gift}
 11792 | D:11     | Found a staircase to the Orcish Mines.
 11805 | D:11     | XOM: summons 3 friendly demons
 11952 | D:11     | XOM: enchant monster (good)
 11955 | D:11     | XOM: blink monster(s)
 11956 | D:11     | Noticed a purple ugly thing
 11968 | D:11     | Killed a purple ugly thing
 12137 | D:11     | XOM: give mutations
 12137 | D:11     | Gained mutation: You have hidden genetic potential. [Xom's
                  | grace]
 12137 | D:11     | Gained mutation: You passively map a small area around you.
                  | [Xom's grace]
 12357 | D:11     | Noticed a two-headed ogre
 12364 | D:11     | Killed a two-headed ogre
 12365 | D:11     | Reached skill level 5 in Alchemy
 12472 | D:11     | Found a staircase to the Lair.
 12472 | D:11     | XOM: 1-stop teleportation journey
 12476 | D:11     | XOM: cleaving
 12630 | D:11     | Reached XP level 12. HP: 93/93 MP: 12/17
 12846 | D:11     | XOM: divination: detect creatures
 13095 | D:11     | XOM: give mutation
 13095 | D:11     | Gained mutation: You are very agile. (Dex +8, Str/Int -2)
                  | [Xom's mischief]
 13099 | D:11     | XOM: summons 2 hostile shadow creatures
 13116 | D:11     | XOM: torment (18/94 hp)
 13136 | D:11     | XOM: 6-stop teleportation journey
 13362 | D:11     | Learned a level 3 spell: Fugue of the Fallen
 13366 | D:11     | Learned a level 3 spell: Ozocubu's Armour
 13426 | D:11     | Noticed an ice dragon
 13434 | D:11     | Noticed an ice dragon
 13437 | D:11     | XOM: cleaving
 13444 | D:11     | Killed from afar by an ice dragon

Illustrated notes

Levels and vault maps discovered:
D:1:      sevenhm_arrival_forest_fort_small_3, layout_basic, st_stairs_7,
          minmay_octomino_c4
D:2:      layout_loops_ring, dreamdust_ecumenical_altar_hidden_monk_grotto,
          serial_shops, nicolae_shop_just_a_little_nook, shop, shop, shop,
          minmay_quadrilaterals, uniq_crazy_yiuf_cottage, uniq_robin
D:3:      layout_basic, xom_redecorated, gammafunk_temple_overflow_wave,
          gup_sewer_entry_pipe, uniq_jessica, uniq_ijyb
D:4:      layout_rooms, kennysheep_generic_room_15
D:5:      layout_loops_ring, kennysheep_minor_cross, grunt_ministairs_4
D:6:      layout_loops_ring, overflow_temple_1_default,
          mainiacjoe_overflow_alcove_3, minmay_temple_entry_wispy,
          minmay_lizard_king
D:7:      layout_basic, general_overflow_altar, enter_bailey_3,
          kennysheep_decorative_pillar
D:8:      layout_layer_cave, nicolae_ashenzari_panopticon,
          gammafunk_ghost_smash, serial_bayou, serial_bayou_pond_a,
          serial_bayou_pond_a, serial_bayou_pond_b, serial_bayou_pond_a,
          serial_shops, nicolae_shop_tiny_statue_garden
D:9:      layout_irregular_city, nicolae_dithmenos_shadow_blocks,
          dancing_weapons_uskayaw, uniq_joseph
D:10:     layout_loops_cross, kennysheep_generic_room_5
D:11:     minmay_ice_pillars, layout_cave_pools, hellmonk_lair_entry_icy
Temple:   nicolae_temple_two_arcs

Skill      XL: |  1  2  3  4  5  6  7  8  9 10 11 12 |
---------------+-------------------------------------+-----
Dodging        | 1 2 3 4 5 6 7 |  7.2
Armour         | 2 3 4 5 6 7 |  7.4
Polearms       | 1 2 3 4 |  4.9
Spellcasting   | 1 2 3 4 |  4.1
Stealth        | 1 2 3 4 |  4.4
Evocations     | 1 2 3 4 5 6 |  6.2
Axes           | 4 5 6 7 8 |  8.5
Alchemy        | 1 2 3 4 5 |  5.2
Fighting       | 4 5 6 7 8 |  8.4

Action                     |  1- 3 |  4- 6 |  7- 9 | 10-12 || total
---------------------------+-------+-------+-------+-------++-------
  Melee: Hand axe          |    71 |   119 |   281 |   246 ||   717
         Dagger            |    64 |       |       |       ||    64
         War axe           |     5 |   120 |   286 |   246 ||   657
         Peck              |       |       |       |    51 ||    51
  Evoke: Wand              |       |       |     1 |     6 ||     7
    Use: Scroll            |     1 |     8 |     8 |    12 ||    29
         Potion            |     1 |       |    11 |     3 ||    15
   Stab: Confused          |     2 |       |     5 |       ||     7
         Paralysed         |     2 |       |     1 |     2 ||     5
         Sleeping          |       |     2 |     1 |     2 ||     5
         Distracted        |       |     1 |     2 |     4 ||     7
         Petrifying        |       |       |     1 |       ||     1
         Petrified         |       |       |     1 |       ||     1
         Invisible         |       |       |     7 |    11 ||    18
         Held in net/web   |       |       |       |     3 ||     3
 Armour: Leather armour    |    59 |    85 |   112 |       ||   256
         Chain mail        |       |       |    96 |    76 ||   172
         Ring mail         |       |       |       |   187 ||   187
  Dodge: Dodged            |    52 |    60 |   159 |   169 ||   440

Table legend: (Time is in decaauts)
 A = Elapsed time spent in this place.
 B = Non-inter-level travel time spent in this place.
 C = Inter-level travel time spent in this place.
 D = Time resting spent in this place.
 E = Time spent auto-exploring this place.
 F = Levels seen in this place.
 G = Mean time per level.
                   A        B        C        D        E       F      G
               +--------+--------+--------+--------+--------+-----+--------+
         Total |  13709 |  12832 |    877 |    666 |   9675 |  13 | 1054.5 |
       Dungeon |  12786 |  11910 |    876 |    666 |   9009 |  11 | 1162.4 |
        Temple |      1 |      1 |      0 |      0 |      0 |   1 |    1.0 |
         Sewer |    921 |    921 |      0 |      0 |    666 |   1 |  921.0 |
               +--------+--------+--------+--------+--------+-----+--------+

Top non-repeatable levels by time:
     D:8: 1918 daAuts
    D:11: 1674 daAuts
     D:3: 1286 daAuts
    D:10: 1178 daAuts
     D:5: 1138 daAuts
     D:2: 1104 daAuts
     D:6: 1060 daAuts
     D:7: 985 daAuts
     D:1: 958 daAuts
     D:9: 940 daAuts
   Sewer: 921 daAuts
     D:4: 542 daAuts
  Temple: 1 daAuts
